Map: Ley Lines

Players

ManlyManMeat

  • Race: Zerg Zerg
  • League: Platinum
  • Spawn Location: 7:00

Teodore - Winner!

  • Race: Zerg Zerg
  • League: Diamond
  • Spawn Location: 1:00

VOD

Have the link to the VOD?

Description

Time

  • Played on: June 21, 2025, 8:26 a.m.
  • Length: 16:06
Show
View Real Time Build Order
Export as new Build Order

ManlyManMeat Zerg 

Build Orders: Hatch First 

Get SALT Encoding   

  12  0:00  Drone  
  13  0:10  Drone  
  14  0:14  Extractor  
  14  0:15  Drone  
  15  0:22  Overlord  
  15  0:45  Drone  
  15  0:47  Hatchery  
  15  0:50  Drone  
  15  0:54  Drone  
  17  1:03  Extractor  
  16  1:11  Spawning Pool  
  16  1:15  Drone  
  16  1:27  Drone x2  
  18  1:38  Drone  
  19  1:54  Overlord  
  19  2:00  Spine Crawler  
  18  2:02  Queen  
  18  2:07  Spine Crawler  
  19  2:10  Queen  
  21  2:21  Zergling x6  
  24  2:34  Drone x3  
  24  2:36  Zergling x2  
  28  2:39  Zergling x2  
  29  3:08  Drone  
  29  3:09  Drone x2, Overlord  
  29  3:12  Zergling x6  
  35  3:13  Zergling x2  
  36  3:25  Metabolic Boost  
  36  3:28  Baneling Nest  
  35  3:36  Drone  
  35  3:39  Overlord  
  35  3:40  Overlord  
  36  3:58  Drone x3  
  36  3:59  Drone x2  
  41  4:10  Zergling x6  
  41  4:15  Extractor  
  41  4:16  Baneling x3  
  41  4:17  Baneling x2  
  44  4:24  Drone x4  
  39  4:46  Zergling x2  
  39  4:47  Zergling x16  
  48  4:57  Baneling x2  
  49  5:00  Drone x2  
  49  5:05  Baneling x3  
  49  5:06  Baneling x3  
  50  5:09  Zergling x4  
  52  5:19  Baneling x3  
  52  5:21  Overlord x2  
  52  5:25  Hatchery  
  43  5:49  Zergling x16  
  53  5:50  Zergling x8  
  48  6:08  Spawning Pool  
  47  6:23  Drone x5  
  47  6:24  Drone  
  51  6:58  Lair  
  51  7:00  Extractor  
  47  7:01  Extractor  
  46  7:35  Hatchery  
  45  7:42  Drone x3  
  48  7:44  Extractor  
  48  7:47  Extractor  
  46  7:54  Drone x3  
  45  8:31  Zergling x18  
  52  8:47  Zergling x8  
  56  9:10  Hatchery  
  50  9:24  Zergling x16  
  54  9:34  Baneling  
  54  9:43  Zergling x14  
  61  9:49  Hatchery  
  56  10:02  Hatchery  
  56  10:04  Hatchery  
  56  10:05  Hatchery  
  52  10:10  Hatchery  
  49  10:19  Zergling x16  
  52  10:28  Zergling x8  
  56  10:36  Zergling x8  
  56  10:53  Zergling x10  
  56  11:01  Zergling x12  
  58  11:15  Zergling x8  
  61  11:20  Queen  
  49  11:34  Zergling x2  
  49  11:35  Zergling x14  
  47  11:43  Zergling x6  
  49  11:47  Drone  
  50  12:00  Drone x2  
  52  12:01  Drone x2  
  54  12:22  Roach Warren  
  50  12:36  Drone x3  
  53  12:38  Drone x3  
  53  12:40  Drone x3  
  49  13:28  Roach x4  
  49  13:29  Roach x8  
  73  14:12  Roach x6  
  82  14:19  Lair  
  82  14:20  Drone x3  
  82  14:23  Drone x3  
  50  14:39  Zergling x8  
  50  14:41  Drone  
  50  14:43  Drone  
  52  14:46  Roach  
  54  14:54  Drone x2  
  54  14:59  Drone x2  
  58  15:00  Drone  
  58  15:04  Drone x2  
  53  15:34  Drone x3  
  52  15:36  Drone x5  
  52  15:37  Drone x3  
  60  15:45  Spawning Pool  
Show
View Real Time Build Order
Export as new Build Order

Teodore Zerg - Winner!

Build Orders: Pool Only, Swarm Host 

Get SALT Encoding   

  12  0:03  Drone  
  13  0:12  Overlord  
  13  0:17  Drone  
  14  0:30  Drone x2  
  17  0:35  Drone  
  17  0:46  Drone  
  18  0:53  Spawning Pool  
  17  0:57  Drone  
  17  1:00  Extractor  
  17  1:02  Extractor  
  16  1:08  Drone  
  17  1:18  Drone  
  18  1:32  Drone  
  19  1:39  Queen  
  21  1:49  Spine Crawler  
  21  1:50  Drone x2  
  22  2:03  Overlord  
  22  2:16  Lair  
  22  2:22  Drone  
  23  2:24  Drone  
  24  2:33  Drone  
  25  2:48  Drone  
  25  2:50  Evolution Chamber  
  25  2:55  Overlord  
  25  3:17  Zerg Missile Weapons Level 1  
  25  3:19  Infestation Pit  
  24  3:23  Spire  
  23  3:28  Drone x3  
  27  3:41  Nydus Network  
  26  3:47  Overlord x2  
  26  3:57  Spine Crawler x2  
  26  3:59  Swarm Host x2  
  30  4:17  Swarm Host x2  
  30  4:22  Swarm Host  
  30  4:23  Swarm Host  
  42  4:33  Overlord x2  
  42  4:55  Evolution Chamber  
  42  4:56  Evolution Chamber  
  40  5:00  Drone x4  
  44  5:08  Spine Crawler  
  44  5:14  Spine Crawler  
  42  5:19  Nydus Canal  
  42  5:30  Queen  
  43  5:58  Evolution Chamber  
  42  6:06  Swarm Host x3, Pneumatized Carapace  
  51  6:17  Nydus Canal  
  51  6:29  Drone x3  
  51  6:32  Zerg Missile Weapons Level 2  
  54  7:07  Swarm Host  
  54  7:08  Swarm Host  
  60  7:10  Overlord x2  
  60  7:19  Nydus Canal  
  60  7:40  Nydus Canal  
  60  7:45  Drone  
  60  7:47  Swarm Host  
  64  8:27  Spine Crawler  
  64  8:29  Spine Crawler  
  62  8:38  Nydus Canal  
  62  8:49  Swarm Host x4  
  74  9:31  Spine Crawler  
  73  9:32  Spine Crawler  
  73  9:34  Spine Crawler  
  71  9:40  Spore Crawler  
  70  9:53  Spine Crawler  
  70  9:56  Spine Crawler  
  70  9:57  Swarm Host x3  
  77  10:49  Nydus Canal  
  75  11:04  Drone x2  
  75  11:05  Drone  
  78  11:30  Spine Crawler  
  78  11:31  Spine Crawler, Queen  
  78  11:33  Spine Crawler  
  75  11:57  Swarm Host  
  75  11:58  Overlord x2  
  78  12:36  Queen  
  79  12:44  Nydus Canal  
  79  13:39  Zergling x8  
  79  13:40  Zergling x4  
  85  13:50  Nydus Canal  
  85  13:52  Zergling x2  
  86  13:59  Metabolic Boost  
  86  14:12  Nydus Canal  
  80  15:04  Spine Crawler  
  78  15:07  Spine Crawler  
Tags
 
Composition
Swarm Host
Matchup
ZvZ
Race
Zerg
Replay Pack
Myownreplay2
Spawn Locations
Cross Positions
Add a new tag
Caveats
  • Supply blocks, unpowered buildings, or Contaminate may cause inaccurate times.
  • Supply counts are checked every 10 seconds.